 Dungeon Crawl Stone Soup version 0.30-a0-424-g7412bad402 (webtiles) character file.

Game seed: 2838740368193611915

495 IdlyInterested the Charlatan (level 6, -7/47 HPs)
             Began as a Demonspawn Wanderer on Dec 9, 2022.
             Killed from afar by a steam dragon (20 damage)
             ... with a ball of steam
             ... on level 5 of the Dungeon.
             The game lasted 00:15:36 (3984 turns).

IdlyInterested the Charlatan (Demonspawn Wanderer)  Turns: 3984, Time: 00:15:36

Health: -7/47      AC:  8    Str:  8 (9)  XL:     6   Next: 92%
Magic:  7/7        EV:  8    Int: 14      God:
Gold:   166        SH:  4    Dex: 14 (15) Spells: 6/7 levels left

rFire   . . .      SeeInvis .    h - +0 short sword (vorpal)
rCold   . . .      Faith    .    (no shield)
rNeg    + . .      Spirit   .    w - +0 scale mail
rPois   .          Reflect  .    (no helmet)
rElec   .          Harm     .    x - +0 cloak
rCorr   .          Rampage  .    b - +0 pair of gloves
Will    .....                    (no boots)
Stlth   +.........               (no amulet)
HPRegen 0.27/turn                f - ring of positive energy
MPRegen 0.10/turn                (no ring)

@: hasted, very quick
A: hooves 1, large bone plates 1, deterioration 1, weak 1
a: no special abilities


You were on level 5 of the Dungeon.
You visited 1 branch of the dungeon, and saw 5 of its levels.

You collected 166 gold pieces.

Inventory:

Hand Weapons
 a - a +0 dagger
 h - a +0 vorpal short sword (weapon)
 o - a +1 dagger of venom
 p - a +0 sling
Missiles
 i - 50 stones
 r - a throwing net
 v - 2 boomerangs
Armour
 b - a +0 pair of gloves (worn)
 d - a +0 robe
 l - a +0 leather armour
 u - a +0 ring mail
 w - a +0 scale mail (worn)
 x - a +0 cloak (worn)
Jewellery
 f - a ring of positive energy (left hand)
 q - a ring of fire
Wands
 y - a wand of digging (4)
Scrolls
 c - a scroll of vulnerability
 k - a scroll of fear
 z - a scroll of enchant armour {unknown}
 A - a scroll of blinking {unknown}
 C - a scroll of teleportation
 D - a scroll of noise {unknown}
Potions
 g - a potion of curing
 j - 5 potions of flight
 m - a potion of ambrosia
 n - a potion of lignification
 s - 2 potions of heal wounds
 B - a potion of attraction
Miscellaneous
 e - a condenser vane


   Skills:
 + Level 3.3 Fighting
 - Level 1.0 Throwing
 - Level 2.0 Armour
 * Level 1.2 Dodging
 - Level 2.0 Stealth
 - Level 1.0 Spellcasting
 - Level 1.1 Necromancy
 * Level 7.4 Evocations


You had 6 spell levels left.
You knew the following spells:

 Your Spells              Type           Power      Damage    Failure   Level
a - Necrotise             Necr           12%        1d4       83%         1

Your spell library contained the following spells:

 Spells                   Type           Power      Damage    Failure   Level
 Blink                    Tloc           0%         N/A       98%         2
 Momentum Strike          Conj/Tloc      0%         3d8       98%         2
 Vampiric Draining        Necr           3%         2d6       99%         3
 Gell's Gravitas          Tloc           0%         N/A       100%        3
 Lesser Beckoning         Tloc           0%         N/A       100%        3
 Teleport Other           Tloc           0%         N/A       100%        3
 Dispersal                Tloc           0%         N/A       100%        6


Dungeon Overview and Level Annotations

Branches:
Dungeon (5/15)             Temple (0/1) D:5

Altars:
Sif Muna

Shops:
D:4 [


Innate Abilities, Weirdness & Mutations

You have large cloven feet.
You are partially covered in large bone plates. (SH +4)
Your body sometimes deteriorates upon taking damage.
You are weak. (Str -2)


Message History

Your body deteriorates!
You feel clumsy. The hound attacks as you move away!
The hound bites you but does no damage. The hound barely misses you.
You see here a scroll of identify.
You closely miss the hound. You kick the hound.
The hound is lightly wounded.
The hound bites you but does no damage. x2
You hit the hound. Your kick misses the hound.
The hound is heavily wounded.
The hound bites you.
You hit the hound. You kick the hound, but do no damage.
The hound is severely wounded.
The hound closely misses you. The hound barely misses you.
You closely miss the hound.
The hound is severely wounded.
The hound bites you but does no damage.
You hit the hound. You kick the hound, but do no damage.
The hound is almost dead.
The hound bites you but does no damage. You block the hound's attack.
You hit the hound.
You kill the hound!
You hit the iguana but do no damage. You kick the iguana, but do no damage.
The iguana bites you!
You hit the iguana but do no damage. You kick the iguana, but do no damage.
The iguana closely misses you.
You hit the iguana but do no damage. The iguana barely misses you.
You barely miss the iguana. You kick the iguana.
The iguana is lightly wounded.
The iguana bites you!
Your body deteriorates!
You feel weakened.
You hit the iguana.
The iguana is moderately wounded.
A steam dragon comes into view.
The iguana bites you.
* * * LOW HITPOINT WARNING * * *
You feel yourself speed up.
The steam dragon hisses angrily.
The steam dragon breathes steam at you. The ball of steam hits you!!
You die...

# . .....###.. .##
........## #####...
.....#.....##.<.....
.............†.....
#..#...#...........
#..#.#............
#...>............. ####
#@§#.#............ #....
#l#§..#.....†.....
#.!...#.?....D..........
#.......................
#........#.....##.....#.
#.....#...#####....##...
#.......#..# ####......
#......###.# ####....
#...... .######.......


You could see an iguana.

Vanquished Creatures
  2 ogres (D:4)
  3 hounds
  2 iguanas (D:4)
  2 orc wizards (D:3)
  2 adders
  A worm (D:3)
  4 dart slugs
  9 orcs (D:3)
  3 ball pythons
  8 bats
  7 endoplasms
  2 giant cockroaches (D:1)
  11 goblins
  8 hobgoblins
  7 jackals
  A quokka (D:5)
  4 frilled lizards
  7 kobolds
  12 rats
95 creatures vanquished.

Vanquished Creatures (collateral kills)
  A hobgoblin (D:2)
1 creature vanquished.

Grand Total: 96 creatures vanquished

Notes
Turn   | Place    | Note
-------+----------+-------------------------------------------
     0 | D:1      | IdlyInterested the Demonspawn Wanderer began the quest for
                  | the Orb.
     0 | D:1      | IdlyInterested set off with the following items: a +0
                  | dagger, a +0 pair of gloves, a scroll of vulnerability, a
                  | +0 robe, a condenser vane; and the following spell
                  | memorised: Necrotise; and the following spells available to
                  | memorise: Vampiric Draining.
     0 | D:1      | Reached XP level 1. HP: 13/13 MP: 2/2
   164 | D:1      | Gained mutation: You have large cloven feet. [demonic
                  | ancestry]
   164 | D:1      | Reached XP level 2. HP: 12/19 MP: 1/3
   734 | D:1      | Reached XP level 3. HP: 23/24 MP: 4/4
  1430 | D:2      | Reached skill level 6 in Evocations
  1809 | D:3      | Gained mutation: You have hidden genetic defects. [potion
                  | of mutation]
  2032 | D:3      | Gained mutation: Your body sometimes deteriorates upon
                  | taking damage. [hidden defects]
  2034 | D:3      | Reached XP level 4. HP: 24/30 MP: 5/5
  2126 | D:3      | Gained mutation: You occasionally lose the ability to drink
                  | potions when taking damage. [hidden defects]
  2126 | D:3      | Lost mutation: You have hidden genetic defects. [hidden
                  | defects expressed]
  2134 | D:3      | Lost mutation: You occasionally lose the ability to drink
                  | potions when taking damage. [potion of mutation]
  2134 | D:3      | Lost mutation: Your body sometimes deteriorates upon taking
                  | damage. [potion of mutation]
  2134 | D:3      | Gained mutation: Your body sometimes deteriorates upon
                  | taking damage. [potion of mutation]
  2134 | D:3      | Gained mutation: You are weak. (Str -2) [potion of
                  | mutation]
  2134 | D:3      | Gained mutation: You are partially covered in large bone
                  | plates. (SH +4) [potion of mutation]
  2170 | D:3      | Reached skill level 1 in Dodging
  2381 | D:3      | Found a faded altar of an unknown god.
  2396 | D:3      | Found a shimmering blue altar of Sif Muna.
  2495 | D:3      | Reached skill level 1 in Fighting
  2495 | D:3      | Reached XP level 5. HP: 26/37 MP: 6/6
  3126 | D:4      | Noticed an ogre
  3129 | D:4      | Noticed an ogre
  3141 | D:3      | Reached skill level 1 in Armour
  3182 | D:4      | Killed an ogre
  3183 | D:4      | Reached skill level 7 in Evocations
  3183 | D:4      | Killed an ogre
  3184 | D:4      | Reached XP level 6. HP: 38/46 MP: 7/7
  3577 | D:4      | Found Utryo's Antique Armour Boutique.
  3889 | D:5      | Entered Level 5 of the Dungeon
  3901 | D:5      | Found a staircase to the Ecumenical Temple.
  3983 | D:5      | Noticed a steam dragon
  3984 | D:5      | Killed from afar by a steam dragon

Illustrated notes

Levels and vault maps discovered:
D:1:      reono_arrival_forest_river, layout_basic,
          chequers_serial_rivers_micro_a, amcnicky_mini_rare_corridor_liquid
D:2:      layout_rooms
D:3:      layout_loops_cross, nicolae_overflow_ecumenical_swirl
D:4:      layout_basic, serial_shops, shop
D:5:      layout_rooms, minmay_temple_entry_crystal_x, gammafunk_ghost_split,
          uniq_duvessa

Skill      XL: |  1  2  3  4  5  6 |
---------------+-------------------+-----
Stealth        | 2 |  2.0
Evocations     | 6 7 |  7.4
Dodging        | 1 |  1.2
Fighting       | 1 2 3 |  3.3
Armour         | 1 2 |  2.0
Throwing       | |  1.0
Spellcasting   | |  1.0
Necromancy     | |  1.1

Action                   |  1- 3 |  4- 6 || total
-------------------------+-------+-------++-------
Melee: Dagger            |    21 |       ||    21
       Short sword       |   140 |   180 ||   320
       Kick              |    35 |    53 ||    88
       Punch             |     1 |     1 ||     2
 Cast: Necrotise         |    22 |       ||    22
Evoke: Condenser vane    |       |     1 ||     1
  Use: Scroll            |     8 |     1 ||     9
       Potion            |     4 |     3 ||     7
 Stab: Sleeping          |     7 |       ||     7
Armor: Robe              |     9 |       ||     9
       Leather armour    |    13 |       ||    13
       Ring mail         |    32 |     2 ||    34
       Scale mail        |       |    66 ||    66
Dodge: Dodged            |    83 |    65 ||   148
Block: Other             |       |    16 ||    16

Table legend: (Time is in decaauts)
 A = Elapsed time spent in this place.
 B = Non-inter-level travel time spent in this place.
 C = Inter-level travel time spent in this place.
 D = Time resting spent in this place.
 E = Time spent auto-exploring this place.
 F = Levels seen in this place.
 G = Mean time per level.
                   A        B        C        D        E       F      G
               +--------+--------+--------+--------+--------+-----+--------+
         Total |   3992 |   3470 |    522 |    479 |   1796 |   5 |  798.4 |
       Dungeon |   3992 |   3470 |    522 |    479 |   1796 |   5 |  798.4 |
               +--------+--------+--------+--------+--------+-----+--------+

Top non-repeatable levels by time:
     D:3: 1432 daAuts
     D:1: 1192 daAuts
     D:4: 710 daAuts
     D:2: 562 daAuts
     D:5: 94 daAuts
